 Dungeon Crawl Stone Soup version 0.22-a0-567-gff9aefc (webtiles) character file.

294 Amnesiac the Ducker (level 6, -2/32 HPs)
             Began as a Spriggan Fighter on June 29, 2018.
             Killed by nerve-wracking pain
             ... invoked by an orc priest
              (16 damage)
             ... on level 3 of the Dungeon.
             The game lasted 00:03:39 (2168 turns).

Amnesiac the Ducker (Spriggan Fighter)              Turns: 2168, Time: 00:03:40

Health: -2/32      AC:  6    Str: 14    XL:     6   Next: 11%
Magic:  7/7        EV: 20    Int: 10    God:
Gold:   133        SH:  6    Dex: 15    Spells: 5/5 levels left

rFire    . . .     SeeInvis +   a - +1 dagger (venom)
rCold    . . .     Gourm    .   c - +0 buckler
rNeg     . . .     Faith    .   l - +0 robe
rPois    .         Spirit   .   (helmet restricted)
rElec    .         Reflect  .   (no cloak)
rCorr    .         Harm     +   (gloves unavailable)
MR       +....                  (boots unavailable)
Stlth    ++........             i - amulet of harm
HPRegen  0.10/turn              m - +4 ring of protection
MPRegen  0.10/turn              (no ring)

@: slow
A: very small, unfitting armour, see invisible, herbivore, speed 3, slow
metabolism 2
a: no special abilities


You were on level 3 of the Dungeon.
You were not hungry.

You visited 1 branch of the dungeon, and saw 3 of its levels.
You also visited: Sewer.

You collected 133 gold pieces.

Inventory:

Hand Weapons
 a - a +1 dagger of venom (weapon)
 b - a +0 rapier
Armour
 c - a +0 buckler (worn)
 l - a +0 robe (worn)
Jewellery
 i - an amulet of harm (around neck)
 m - a +4 ring of protection (left hand)
Scrolls
 e - a scroll of enchant weapon {!r, unknown}
 g - a scroll of enchant armour {!r, unknown}
 h - 2 scrolls of identify {!r}
 j - a scroll of amnesia {!r}
 n - a scroll of fog {!r}
Potions
 d - 2 potions of might {!q}
 k - 6 potions of heal wounds {!q}
 q - 2 potions of curing {!q, unknown}
 s - 2 potions of flight {!q, unknown}
 t - a potion of agility {!q, unknown}
 u - a potion of brilliance {!q}
Comestibles
 f - 2 rations


   Skills:
 - Level 2.4 Fighting
 * Level 5.1 Short Blades
 + Level 5.7 Dodging
 + Level 5.0 Stealth
 - Level 2.4 Shields


You had 5 spell levels left.
You didn't know any spells.
Your spell library was empty.

Dungeon Overview and Level Annotations

Branches:
Dungeon (3/15)

Altars:


Innate Abilities, Weirdness & Mutations

You are very small and have problems with some larger weapons.
You are too small for most types of armour.
You have supernaturally acute eyesight. (SInv)
You are a herbivore.
You cover ground extremely quickly.
You need to consume almost no food.


Message History

Done exploring.
Done exploring.
Done exploring.
Done exploring.
Done exploring.
There is a large open door here.
There is a gate leading back out of this place here.
Welcome back to the Dungeon!
The orc priest looks satisfied for a moment.
There is a collapsed entrance here.
Okay, then.
You enter the shallow water.
Moving in this stuff is going to be slow.
There is a collapsed entrance here.
Really read
h - 3 scrolls labeled CIDWIA PYGIGAK {!r}?
As you read the scroll labeled CIDWIA PYGIGAK {!r}, it crumbles to dust.
It is a scroll of identify.
u - a potion of brilliance {!q} Really read
r - a scroll labeled GASHOLU QERIN {!r}?
As you read the scroll labeled GASHOLU QERIN {!r}, it crumbles to dust.
You assume a fearsome visage.
The orc priest looks frightened!
It was a scroll of fear {!r}.
Really read
p - a scroll labeled QAHAAMM HUNU {!r}?
As you read the scroll labeled QAHAAMM HUNU {!r}, it crumbles to dust.
You feel aware of your surroundings.
You sensed 4 altars.
It was a scroll of magic mapping {!r}.
Really read
o - a scroll labeled JUTWUS JEAMOME {!r}?
As you read the scroll labeled JUTWUS JEAMOME {!r}, it crumbles to dust.
You hear a loud clanging noise!
It was a scroll of noise {!r}.
You hear a shout! x3; You hear an angry hiss.
Really read
n - 2 scrolls labeled XIUMOUH BEDUF {!r}?
As you read the scroll labeled XIUMOUH BEDUF {!r}, it crumbles to dust.
The scroll dissolves into smoke.
It was a scroll of fog {!r}.
Really read
j - 2 scrolls labeled OLIGHO SEI {!r}?
As you read the scroll labeled OLIGHO SEI {!r}, it crumbles to dust.
It is a scroll of amnesia.
You feel forgetful for a moment.
You enter the shallow water.
Moving in this stuff is going to be slow.
The orc priest completely misses you.
You hit the orc priest but do no damage.
The orc priest is poisoned.
The orc priest completely misses you.
Your unstable footing causes you to fumble your attack.
The orc priest barely misses you.
Your unstable footing causes you to fumble your attack.
You hit the orc priest but do no damage.
The orc priest looks as sick as possible!
The orc priest misses you.
Your unstable footing causes you to fumble your attack.
The orc priest barely misses you.
Your unstable footing causes you to fumble your attack.
You barely miss the orc priest.
The orc priest is moderately wounded.
The orc priest calls down the wrath of Beogh upon you.
Pain shoots through your body!
* * * LOW HITPOINT WARNING * * *
You hit the orc priest.
The orc priest looks as sick as possible!
The orc priest is heavily wounded.
The orc priest invokes the aid of Beogh against you.
Pain shoots through your body!
Ouch! That really hurt!
You die...

*,,,,,,,,,...,,* #...
*,***,,***#<#*** #...
*,,,,,,* #.# #...
*,,*#..####.###########o..
*,,*#...................?.
*,,**.#####.####..........
****,,**,,,,,#.#
#.#########
*,,,##########§# #.#
*,**#§§§§§§§@o§# #.#
*,**##########.# #.#
*,**,..........# #.#
*,****######.### #.# *,*
#.# #.# *,* #.# *,*** *,*
#<# *,,,* *,* #.# ***,*
*,* #.# *,*


You could see an orc priest.

Vanquished Creatures
  3 big kobolds (Sewer)
  3 adders
  An ooze (Sewer)
  A worm (D:2)
  2 leopard geckos (D:1)
  3 ball pythons
  A giant cockroach (D:1)
  3 goblins (D:1)
  4 hobgoblins
  A jackal (D:2)
  8 bats
  3 frilled lizards (D:1)
  14 kobolds
  8 rats
55 creatures vanquished.

Notes
Turn   | Place    | Note
-------+----------+-------------------------------------------
     0 | D:1      | Amnesiac the Spriggan Fighter began the quest for the Orb.
     0 | D:1      | Reached XP level 1. HP: 11/11 MP: 2/2
    30 | D:1      | Reached skill level 1 in Stealth
   172 | D:1      | Reached XP level 2. HP: 12/16 MP: 3/3
   982 | D:2      | Noticed an ice beast
  1332 | D:2      | Reached XP level 3. HP: 19/19 MP: 4/4
  1664 | D:3      | Found a glowing drain.
  1749 | Sewer    | Entered a sewer
  1874 | Sewer    | Noticed a big kobold
  1894 | Sewer    | Killed a big kobold
  1894 | Sewer    | Reached skill level 5 in Dodging
  1894 | Sewer    | Reached XP level 4. HP: 21/23 MP: 5/5
  1901 | Sewer    | Reached XP level 5. HP: 26/27 MP: 6/6
  2114 | Sewer    | Reached skill level 5 in Short Blades
  2114 | Sewer    | Reached skill level 5 in Stealth
  2114 | Sewer    | Reached XP level 6. HP: 23/32 MP: 7/7
  2168 | D:3      | Killed from afar by an orc priest

Vault maps used:
D:1:      lightli_arrival_isolated_outpost, chequers_big_river, minmay_tripent
D:2:      minivault_11
D:3:      minitemple, nicolae_overflow_crystal_walls, portal_sewer_entry_d,
          first_ration
Sewer:    kennysheep_pipe_town

Skill      XL: |  1  2  3  4  5 |
---------------+----------------+-----
Stealth        | 2 4 5 |  5.0
Short Blades   | 3 4 5 |  5.1
Dodging        | 5 |  5.7
Fighting       | |  2.4
Shields        | |  2.4

Action                   |  1- 3 |  4- 6 || total
-------------------------+-------+-------++-------
Melee: Rapier            |    47 |       ||    47
       Dagger            |    83 |    63 ||   146
  Use: Potion            |     1 |       ||     1
       Scroll            |       |     6 ||     6
 Stab: Sleeping          |     5 |     1 ||     6
  Eat: Ration            |       |     1 ||     1
Armor: Robe              |    18 |     9 ||    27
Dodge: Dodged            |    59 |    45 ||   104
Block: Buckler           |    39 |    14 ||    53

Table legend:
 A = Spawn XP
 B = Non-spawn XP
 C = Spawn XP percentage of total XP
 D = Spawn monster count
 E = Non-spawn monster count
 F = Spawn count percentage of total count
 G = Total turns spent on level
                    A         B        C        D         E        F      G
               +---------+---------+-------+---------+---------+-------+---------
         Total |       0 |     420 |   0.0 |       0 |      55 |   0.0 |  2168
               +---------+---------+-------+---------+---------+-------+---------
           D:1 |       0 |      31 |   0.0 |       0 |      19 |   0.0 |  1001
           D:2 |       0 |      31 |   0.0 |       0 |      10 |   0.0 |   552
           D:3 |       0 |      26 |   0.0 |       0 |       2 |   0.0 |   218
         Sewer |       0 |     332 |   0.0 |       0 |      24 |   0.0 |   397
               +---------+---------+-------+---------+---------+-------+---------
